 Dungeon Crawl Stone Soup version 0.28.0 (webtiles) character file.

Game seed: 18420383954510732209

116 browni3141 the Chopper (level 4, -3/57 (61) HPs)
             Began as a Minotaur Berserker on Feb 17, 2022.
             Was a Believer of Trog.
             Slain by Terence (4 damage)
             ... on level 3 of the Dungeon.
             The game lasted 00:01:00 (2163 turns).

browni3141 the Chopper (Minotaur Berserker)         Turns: 2163, Time: 00:01:01

HP:   -3/57 (61)    AC:  3    Str: 24    XL:     4   Next: 70%
MP:   3/3           EV: 12    Int:  4    God:    Trog [**....]
Gold: 27            SH:  0    Dex:  9    Spells: 3/3 levels left

rFire   . . .      SeeInvis .   a - +0 hand axe
rCold   . . .      Faith    .   (no shield)
rNeg    . . .      Spirit   .   b - +0 animal skin
rPois   .          Reflect  .   (helmet restricted)
rElec   .          Harm     .   j - +0 cloak
rCorr   .          Rampage  .   (no gloves)
Will    .....                   (no boots)
Stlth   ..........              (no amulet)
HPRegen 0.19/turn               (no ring)
MPRegen 0.08/turn               (no ring)

@: berserking, drained, very quick
A: horns 2, retaliatory headbutt
a: Renounce Religion, Berserk, Trog's Hand


You were on level 3 of the Dungeon.
You worshipped Trog.
Trog was pleased with you.
You visited 1 branch of the dungeon, and saw 3 of its levels.

You collected 27 gold pieces.


Innate Abilities, Weirdness & Mutations

You have a pair of horns on your head.
You reflexively headbutt those who attack you in melee.


   Skills:
 + Level 4.5 Fighting
 * Level 5.3 Axes
 + Level 3.6 Armour
 - Level 2.1 Dodging


You had 3 spell levels left.
You didn't know any spells.
Your spell library was empty.

Inventory:

Hand Weapons
 a - a +0 hand axe (weapon)
Armour
 b - a +0 animal skin (worn)
 j - a +0 cloak (worn)
Scrolls
 c - a scroll of identify {unknown}
 f - a scroll of vulnerability {unknown}
 g - a scroll of blinking {unknown}
 h - a scroll of torment {unknown}
Potions
 d - a potion of haste {unknown}
 e - a potion of mutation {unknown}
 i - a potion of berserk rage {unknown}
 k - a potion of heal wounds {unknown}

Dungeon Overview and Level Annotations

Branches:
Dungeon (3/15)

Altars:

Annotations:
D:3 Terence

..# #.# [.... ..
#.# .$....#.##.##
......#.....#######
..............<...#
.....##..........#
#...............
#..†....@.......
###..)....s@.....#
#...))..>........#
#...........$....#
#....##...........
#....##.......?...
#<...###..##....#.
#............#...
#....####..#.


You could see Terence and a scorpion.


Message History

The kobold barely misses you. You furiously retaliate!
You headbutt the kobold!
You kill the kobold!
Trog accepts your kill. The scorpion closely misses you.
Things that are here:
a +0 dagger; a +4 ring of protection You hit the scorpion.
Your headbutt misses the scorpion.
The scorpion is moderately wounded.
The scorpion stings you but does no damage.
A red film seems to cover your vision as you go berserk!
You feel yourself moving faster!
You feel mighty! The scorpion closely misses you. You furiously retaliate!
You headbutt the scorpion!
Terence hits you with the +7 Throatcutter {drain, coup de grace}!
* * * LOW HITPOINT WARNING * * *
You feel drained.
* * * LOW HITPOINT WARNING * * *
You are too injured to fight recklessly!
You are too injured to fight recklessly!
You are too injured to fight recklessly!
You are too injured to fight recklessly!
You are too injured to fight recklessly!
You barely miss the scorpion.
The scorpion is almost dead.
You slash Terence!
The scorpion stings you but does no damage.
Terence hits you with the +7 Throatcutter {drain, coup de grace}!
* * * LOW HITPOINT WARNING * * *
You feel drained.
You die...

Skill      XL: |  1  2  3  4 |
---------------+-------------+-----
Axes           | 4 5 |  5.3
Fighting       | 4 |  4.5
Armour         | 3 |  3.6
Dodging        | |  2.1

Action                   |  1- 3 |  4- 6 || total
-------------------------+-------+-------++-------
Melee: Hand axe          |    75 |    30 ||   105
       Headbutt          |     9 |     3 ||    12
Invok: Berserk           |       |     1 ||     1
 Stab: Sleeping          |     1 |     1 ||     2
Armor: Animal skin       |    15 |    10 ||    25
Dodge: Dodged            |    45 |    17 ||    62

Levels and vault maps discovered:
D:1:      dpeg_arrival_rhombi, layout_basic
D:2:      layout_basic
D:3:      layout_rooms, uniq_terence

Notes
Turn   | Place    | Note
-------+----------+-------------------------------------------
     0 | D:1      | browni3141 the Minotaur Berserker began the quest for the
                  | Orb.
     0 | D:1      | Reached XP level 1. HP: 19/19 MP: 0/0
    62 | D:1      | Reached skill level 4 in Axes
    69 | D:1      | Reached XP level 2. HP: 27/27 MP: 1/1
   600 | D:1      | Reached skill level 4 in Fighting
   611 | D:1      | Reached skill level 3 in Armour
   611 | D:1      | Reached XP level 3. HP: 33/33 MP: 2/2
   804 | D:1      | Reached ** piety under Trog
  1371 | D:2      | Reached XP level 4. HP: 30/41 MP: 3/3
  1519 | D:2      | Reached skill level 5 in Axes
  2156 | D:3      | Noticed Terence
  2156 | D:3      | Noticed a scorpion
  2163 | D:3      | HP: 1/58 [Terence (15)]
  2163 | D:3      | Slain by Terence

Vanquished Creatures
  An orc priest (D:3)
  2 adders (D:2)
  4 dart slugs
  2 orcs (D:3)
  4 ball pythons
  7 endoplasms
  5 giant cockroaches
  6 goblins
  5 hobgoblins
  3 quokkas
  3 bats
  3 frilled lizards (D:1)
  7 kobolds
  3 rats
55 creatures vanquished.

Table legend: (Time is in decaauts)
 A = Elapsed time spent in this place.
 B = Non-inter-level travel time spent in this place.
 C = Inter-level travel time spent in this place.
 D = Time resting spent in this place.
 E = Time spent auto-exploring this place.
 F = Levels seen in this place.
 G = Mean time per level.
                   A        B        C        D        E       F      G
               +--------+--------+--------+--------+--------+-----+--------+
         Total |   2170 |   2145 |     25 |      0 |   1803 |   3 |  723.3 |
       Dungeon |   2170 |   2145 |     25 |      0 |   1803 |   3 |  723.3 |
               +--------+--------+--------+--------+--------+-----+--------+

Top non-repeatable levels by time:
     D:2: 1075 daAuts
     D:1: 1073 daAuts
     D:3: 21 daAuts

Table legend:
 A = Non-vault XP
 B = Vault XP
 C = Vault XP percentage of total XP
 D = Non-vault monster count
 E = Vault monster count
 F = Vault count percentage of total count
                 A         B        C        D         E       F
            +---------+---------+-------+---------+---------+-------
      Total |     167 |       0 |   0.0 |      55 |       0 |   0.0
            +---------+---------+-------+---------+---------+-------
        D:1 |      53 |       0 |   0.0 |      29 |       0 |   0.0
        D:2 |      59 |       0 |   0.0 |      20 |       0 |   0.0
        D:3 |      55 |       0 |   0.0 |       6 |       0 |   0.0
            +---------+---------+-------+---------+---------+-------
